Map: Invader LE

Players

JunHyoSeong (Demi)

  • Race: Zerg Zerg
  • League: Master

JonSnow - Winner!

  • Race: Zerg Zerg
  • League: Master

Event: SpawningTool Invitational 1

VOD

https://www.youtube.com/watch?v=y051JGJX31k

Description

Time

  • Played on: May 30, 2016, 7:10 p.m.
  • Length: 8:33

All games in this series

Show
View Real Time Build Order
Export as new Build Order

JunHyoSeong Zerg 

Build Orders: Hatch First 

Get SALT Encoding   

  12  0:01  Drone  
  13  0:13  Overlord  
  13  0:28  Drone  
  14  0:31  Drone x2  
  16  0:40  Drone  
  17  0:52  Hatchery  
  17  0:55  Drone  
  17  1:03  Extractor, Drone  
  17  1:15  Spawning Pool  
  17  1:18  Drone  
  17  1:23  Drone  
  18  1:34  Drone  
  19  1:45  Overlord  
  19  1:59  Drone  
  20  2:04  Queen  
  20  2:05  Queen  
  20  2:06  Zergling x2  
  20  2:07  Metabolic Boost  
  25  2:12  Drone  
  26  2:17  Drone x2  
  28  2:27  Zergling x2  
  30  2:30  Drone  
  30  2:35  Baneling Nest  
  30  2:36  Drone  
  30  2:38  Drone  
  31  2:50  Drone x2  
  33  2:58  Drone  
  33  2:59  Drone  
  33  3:04  Evolution Chamber  
  35  3:11  Overlord  
  35  3:14  Drone x2, Evolution Chamber  
  36  3:20  Overlord  
  36  3:32  Drone x4  
  36  3:34  Zerg Ground Armor Level 1  
  40  3:36  Zergling x4  
  40  3:40  Spine Crawler  
  40  3:44  Drone  
  40  3:45  Baneling Nest  
  40  3:47  Zergling x2  
  40  3:48  Zergling x6  
  44  3:55  Drone x4  
  48  3:57  Extractor  
  47  4:03  Zerg Melee Weapons Level 1  
  47  4:05  Zergling x4  
  49  4:19  Drone x2  
  49  4:20  Drone  
  52  4:26  Overlord x2  
  52  4:37  Hatchery  
  51  4:39  Overlord x2  
  51  4:40  Baneling x3  
  51  4:47  Queen  
  51  4:48  Zergling x8  
  57  4:58  Extractor, Drone x5  
  57  4:59  Drone x3  
  64  5:03  Extractor  
  64  5:05  Lair  
  63  5:09  Drone x2  
  63  5:11  Baneling  
  63  5:12  Baneling  
  65  5:18  Zergling x2  
  65  5:19  Zergling x2  
  65  5:31  Zergling x2  
  65  5:32  Zergling x10  
  70  5:41  Zergling x2  
  70  5:48  Overlord  
  70  5:55  Overlord x2  
  69  5:57  Zergling x6  
  69  5:58  Zergling x2  
  69  6:00  Baneling x3  
  69  6:01  Baneling x2  
  73  6:08  Spire  
  72  6:13  Drone x4  
  72  6:14  Drone  
  72  6:25  Zergling x2  
  72  6:26  Zergling x14  
  72  6:28  Baneling  
  72  6:29  Baneling x2  
  73  6:39  Zergling x10  
  68  6:50  Zergling x6  
  68  6:52  Baneling  
  62  7:00  Zergling x6  
  55  7:08  Zergling x2  
  55  7:09  Zergling x14  
  55  7:10  Queen  
  65  7:20  Mutalisk x3  
  54  7:26  Mutalisk x2  
  56  7:31  Mutalisk  
  56  7:35  Mutalisk  
  54  7:40  Zergling x2  
  53  7:45  Queen  
  41  7:52  Zergling x6  
  43  8:01  Zergling x6  
Show
View Real Time Build Order
Export as new Build Order

JonSnow Zerg - Winner!

Build Orders: Pool First 

Get SALT Encoding   

  12  0:01  Drone  
  13  0:13  Overlord  
  13  0:18  Drone  
  14  0:37  Drone x3  
  17  0:49  Extractor, Drone  
  17  0:53  Spawning Pool  
  16  0:59  Drone  
  17  1:16  Hatchery  
  16  1:20  Drone  
  17  1:41  Zergling x2, Queen  
  17  1:45  Overlord  
  17  1:46  Drone  
  21  1:52  Drone  
  22  1:56  Metabolic Boost  
  22  2:03  Drone  
  23  2:16  Queen  
  23  2:17  Drone  
  26  2:26  Drone  
  26  2:29  Zergling x2  
  28  2:37  Drone  
  29  2:46  Hatchery  
  29  2:50  Drone  
  29  2:51  Drone  
  30  3:00  Baneling Nest  
  30  3:01  Zergling x2  
  30  3:02  Zergling x2  
  30  3:04  Zergling x2  
  31  3:08  Zergling x2  
  31  3:11  Drone  
  31  3:12  Drone  
  34  3:16  Zergling x2  
  35  3:24  Overlord  
  35  3:26  Overlord  
  35  3:32  Overlord  
  35  3:43  Drone x5  
  35  3:44  Baneling  
  35  3:46  Drone  
  41  3:55  Evolution Chamber  
  41  3:57  Evolution Chamber  
  39  4:03  Queen  
  39  4:07  Drone x2  
  39  4:08  Extractor  
  42  4:22  Zerg Melee Weapons Level 1  
  42  4:23  Zerg Ground Armor Level 1  
  41  4:26  Baneling  
  41  4:27  Baneling  
  41  4:33  Zergling x4  
  41  4:34  Zergling x8  
  47  4:38  Drone  
  47  4:39  Drone  
  47  4:45  Drone  
  50  4:46  Drone  
  50  4:49  Drone x4  
  55  5:00  Hatchery  
  55  5:05  Overlord  
  54  5:10  Zergling x6  
  54  5:13  Drone  
  54  5:14  Drone  
  59  5:21  Zergling x2  
  59  5:22  Zergling x8  
  63  5:31  Baneling x2  
  63  5:34  Zergling x4  
  65  5:41  Zergling x18  
  73  5:46  Overlord  
  73  5:47  Overlord  
  73  5:54  Zergling x2  
  73  5:57  Overlord  
  74  6:02  Baneling x7  
  74  6:09  Zergling x12  
  78  6:21  Baneling x7  
  74  6:32  Zergling x2  
  74  6:33  Zergling x16  
  74  6:35  Baneling x7  
  80  6:42  Zergling x10  
  80  6:43  Baneling  
  81  6:50  Zergling x2  
  81  6:51  Zergling x6  
  81  6:54  Queen  
  81  7:00  Zergling x6  
  80  7:02  Baneling x3  
  80  7:06  Zergling x2  
  80  7:07  Zergling x4  
  78  7:12  Zergling x4  
  77  7:17  Zergling x2  
  77  7:19  Zergling x2  
  77  7:20  Baneling x3  
  77  7:21  Zergling x2  
  78  7:25  Zergling x14  
  78  7:28  Baneling  
  84  7:30  Zergling x4  
  84  7:33  Zergling x2  
  84  7:36  Zergling x2  
  84  7:41  Queen  
  84  7:42  Queen x2  
  88  7:44  Zergling x2  
  88  7:45  Zergling x2  
  85  7:51  Zergling x2  
  85  7:52  Zergling x6  
  85  7:54  Zergling x2  
  85  7:56  Spore Crawler  
  85  7:57  Spore Crawler  
  85  7:58  Spore Crawler  
  86  8:00  Zergling x4  
  88  8:09  Drone x3  
  91  8:14  Drone x3  
  91  8:15  Spore Crawler  
Tags
 
Add a new tag
Caveats
  • Supply blocks, unpowered buildings, or Contaminate may cause inaccurate times.
  • Supply counts are checked every 10 seconds.